 Dungeon Crawl Stone Soup version 0.29-a0-717-g6dac4ea423 (webtiles) character file.

Game seed: 1861595962285526885

4535 brogueplayer the Thaumaturge (level 10, -5/67 HPs)
             Began as a Djinni Fire Elementalist on June 27, 2022.
             Was a Believer of Makhleb.
             Shot with an arrow by a centaur (9 damage)
             ... on level 8 of the Dungeon.
             The game lasted 01:44:14 (11015 turns).

brogueplayer the Thaumaturge (DjFE)                Turns: 11015, Time: 01:44:16

Health: -5/67      AC:  8    Str:  7    XL:     10   Next: 66%
Gold:   391        EV: 12    Int: 21    God:    Makhleb [**....] SH:  0 Dex: 25

rFire   + + .      SeeInvis +   B - +10 trident of the Throat {vorpal, rC+ Dex+6}
rCold   . . .      Faith    .   (no shield)
rNeg    . . .      Spirit   .   A - +0 acid dragon scales
rPois   ∞          Reflect  .   (no helmet)
rElec   .          Harm     .   u - +0 cloak
rCorr   +          Rampage  .   s - +0 pair of gloves "Qioh Zas" {Dex+5}
Will    ++...                   (boots unavailable)
Stlth   ++........              (no amulet)
HPRegen 0.21/turn               o - ring of see invisible
MPRegen 0.00/turn               y - ring of willpower

@: flying
A: sickness immunity, fire resistance 2, cold vulnerability 1, float, innate
caster, HP casting, extra vitality 1
a: Renounce Religion, Minor Destruction


You were on level 8 of the Dungeon.
You worshipped Makhleb.
Makhleb was pleased with you.
You visited 2 branches of the dungeon, and saw 9 of its levels.
You also visited: Ossuary.

You collected 391 gold pieces.

Inventory:

Hand Weapons
 f - a +0 short sword of draining
 k - a +0 spear of freezing
 B - the +10 trident of the Throat (weapon) {vorpal, rC+ Dex+6}
   (You found it on level 5 of the Dungeon)

   It inflicts extra damage upon your enemies.
   Dex:       It affects your dexterity (+6).
   rC:        It protects you from cold.
Missiles
 c - 60 stones
 w - 7 poisoned darts
Armour
 s - the +0 pair of gloves "Qioh Zas" (worn) {Dex+5}
   (You found it on level 3 of the Dungeon)

   Dex:       It affects your dexterity (+5).
 u - a +0 cloak (worn)
 A - +0 acid dragon scales (worn)
Jewellery
 o - a ring of see invisible (left hand)
 y - a ring of willpower (right hand)
Wands
 a - a wand of iceblast (9)
 n - a wand of digging (5)
 x - a wand of flame (18)
 I - a wand of polymorph (11)
 J - a wand of charming (9)
Scrolls
 e - 3 scrolls of teleportation
 i - a scroll of amnesia {unknown}
 l - a scroll of noise {unknown}
 m - 3 scrolls of magic mapping
 r - 2 scrolls of summoning
 v - 4 scrolls of enchant weapon {unknown}
 C - 2 scrolls of poison {unknown}
 D - a scroll of enchant armour {unknown}
 E - 2 scrolls of identify
 F - 2 scrolls of fog {unknown}
 G - a scroll of vulnerability {unknown}
Potions
 b - 2 potions of brilliance
 d - 2 potions of mutation
 g - 3 potions of degeneration {unknown}
 h - 2 potions of magic {unknown}
 j - 5 potions of heal wounds
 p - 9 potions of curing
 q - 2 potions of haste
 t - a potion of lignification {unknown}
 z - a potion of flight {unknown}
 H - a potion of berserk rage {unknown}


   Skills:
 + Level 3.5 Fighting
 - Level 2.1 Dodging
 - Level 1.5 Stealth
 + Level 11.4 Spellcasting


You had 9 spell levels left.
You knew the following spells:

 Your Spells              Type           Power      Damage    Failure   Level
a - Foxfire               Conj/Fire      100%       2x1d9     1%          1
b - Scorch                Fire           100%       2d10      1%          2
c - Conjure Flame         Conj/Fire      56%        6-21      1%          3
d - Inner Flame           Hex/Fire       56%        N/A       1%          3
e - Flame Wave            Conj/Fire      56%        2d11      1%          4
f - Apportation           Tloc           100%       N/A       1%          1
g - Passwall              Tmut/Erth      46%        N/A       1%          2
h - Tukima's Dance        Hex            56%        N/A       1%          3
i - Ignite Poison         Fire/Tmut/Pois 56%        N/A       1%          3
Your spell library was empty.

Dungeon Overview and Level Annotations

Branches:
Dungeon (8/15)             Temple (1/1) D:7         Ossuary (visited)
   Lair: D:8-11

Altars:
Ashenzari
Cheibriados
Dithmenos
Fedhas
Gozag
Makhleb
Nemelex Xobeh
Okawaru
Qazlal
Ru
Sif Muna
Trog
Uskayaw
Vehumet
Wu Jian
Xom
Yredelemnul
Zin
The Shining One

Shops:
D:3 *

Annotations:
D:4 3 runed translucent doors, lunkers's ghost, amateur MeFi


Innate Abilities, Weirdness & Mutations

You are immune to sickness and miasma.
You are immune to poison.
Your flesh is very heat resistant. (rF++)
You are vulnerable to cold. (rC-)
You float through the air rather than walking.
You learn spells naturally, not from books.
Your magical power is your life essence.
You have superior vitality. (+4 MHP)


Message History

Erica is heavily wounded.
Erica's fire resistance burns away.
The centaur shoots an arrow.
The arrow closely misses Erica.
The arrow closely misses you.
Erica points at you and mumbles some strange words.
The lance of force hits you!
You are knocked back by the lance of force.
Casting: Scorch (safe; 1% risk of failure)
Confirm with . or Enter, or press ? or * to list all spells.
You conjure some foxfire!
Casting: Foxfire (safe; 1% risk of failure)
Confirm with . or Enter, or press ? or * to list all spells.
You conjure some foxfire!
The foxfire hits Erica!
Erica is burned terribly!
Erica is severely wounded.
The centaur shoots an arrow.
The arrow completely misses Erica.
The arrow hits you!
The foxfire hits Erica.
Erica is severely wounded.
The centaur shoots an arrow.
The arrow hits Erica!
Casting: Foxfire (safe; 1% risk of failure)
Confirm with . or Enter, or press ? or * to list all spells.
Flames lash Erica.
Erica is burned terribly!
You kill Erica!
Makhleb accepts your kill.
Your Fighting skill increases to level 3!
Casting: Scorch (safe; 1% risk of failure)
Confirm with . or Enter, or press ? or * to list all spells.
You conjure some foxfire!
The foxfire hits the centaur.
The centaur is lightly wounded.
The centaur shoots an arrow.
The arrow hits you.
* * * LOW HITPOINT WARNING * * *
The centaur shoots an arrow.
The arrow hits you!
* * * LOW HITPOINT WARNING * * *
The foxfire hits the centaur but does no damage.
The foxfire hits the centaur.
The centaur is moderately wounded.
The foxfire hits the centaur but does no damage.
The centaur is moderately wounded.
The centaur shoots an arrow.
The arrow hits you!
* * * LOW HITPOINT WARNING * * *
The centaur shoots an arrow.
The arrow hits you!
You die...

................#...........
...........##.......###....
...†................##....
#...............#.###.#..
#..............####..#>.
#.........###...........
#.........# #...........
#..#§....####...........
#.#§§..@.###............
##...§.#...#...........>.
##...§..#.................
#..†§...##................
.....†.§......#................
##....§.............##.........
##....c...........###.........
#................####.........
##................##..........


You could see a centaur.

Vanquished Creatures
  Erica (D:8)
  Psyche (D:8)
  Sigmund (D:5)
  A vampire (D:7)
  Eustachio (D:5)
  A steam dragon (D:7)
  An orc warrior (D:6)
  2 ice beasts (D:6)
  2 sky beasts
  A black bear (D:5)
  A phantom (D:5)
  An elf zombie (Ossuary)
  2 bullfrogs (D:8)
  A necrophage (D:6)
  2 scorpions
  8 killer bees (D:8)
  3 howler monkeys
  A centaur zombie (Ossuary)
  7 hounds
  A centaur skeleton (D:3)
  A human zombie (Ossuary)
  4 orc priests
  2 jellies
  A gnoll shaman (D:8)
  3 orc wizards
  5 hound zombies
  3 mummies (Ossuary)
  3 gnolls (D:7)
  8 adders
  2 shadow imps
  3 white imps
  An ufetubus (D:5)
  3 adder zombies (Ossuary)
  3 worms
  3 dart slugs
  18 orcs
  4 ball pythons
  7 endoplasms
  7 giant cockroaches
  10 goblins
  12 hobgoblins
  A jackal (D:8)
  5 quokkas
  A ball python skeleton (D:3)
  4 bats
  4 frilled lizards
  A gnoll zombie (Ossuary)
  4 goblin zombies (Ossuary)
  8 hobgoblin zombies (Ossuary)
  A jackal skeleton (D:3)
  5 jackal zombies (Ossuary)
  7 kobolds
  3 kobold zombies (Ossuary)
  2 orc zombies (Ossuary)
  A quokka skeleton (D:3)
  A quokka zombie (Ossuary)
  7 rats
  A rat zombie (Ossuary)
198 creatures vanquished.

Vanquished Creatures (collateral kills)
  Pikel (D:5)
  Maggie (D:6)
  11 foxfires
13 creatures vanquished.

Vanquished Creatures (others)
  630 foxfires
  6 fungi
  7 plants
643 creatures vanquished.

Grand Total: 854 creatures vanquished

Notes
Turn   | Place    | Note
-------+----------+-------------------------------------------
     0 | D:1      | brogueplayer the Djinni Fire Elementalist began the quest
                  | for the Orb.
     0 | D:1      | brogueplayer set off with the following spells memorised:
                  | Foxfire, Scorch, Conjure Flame, Inner Flame, Flame Wave.
     0 | D:1      | Reached XP level 1. HP: 15/15 MP: 0/0
   227 | D:1      | Reached XP level 2. HP: 20/21 MP: 0/0
   422 | D:1      | Reached skill level 3 in Spellcasting
   652 | D:1      | Reached XP level 3. HP: 17/25 MP: 0/0
   652 | D:1      | Learned a level 1 spell: Apportation
   903 | D:1      | Found a faded altar of an unknown god.
  1874 | D:2      | Reached XP level 4. HP: 24/31 MP: 0/0
  2789 | D:3      | Reached skill level 4 in Spellcasting
  2795 | D:3      | Reached XP level 5. HP: 10/35 MP: 0/0
  2795 | D:3      | Learned a level 2 spell: Passwall
  3840 | D:3      | Found Gozag's Platinum Reserve.
  3840 | D:3      | Found an opulent altar of Gozag.
  3945 | D:3      | Identified the +0 pair of gloves "Qioh Zas" {Dex+5}
  4254 | D:4      | Reached XP level 6. HP: 34/40 MP: 0/0
  4683 | D:4      | Found a runed translucent gate.
  4683 | D:4      | Found a runed translucent gate.
  4684 | D:4      | Found a runed translucent gate.
  4684 | D:4      | Noticed lunkers's ghost (amateur MeFi)
  4845 | D:4      | Reached skill level 5 in Spellcasting
  5274 | D:5      | Entered Level 5 of the Dungeon
  5329 | D:5      | Noticed Pikel
  5374 | D:5      | Killed Pikel
  5375 | D:5      | Reached skill level 6 in Spellcasting
  5375 | D:5      | Reached XP level 7. HP: 22/45 MP: 0/0
  5375 | D:5      | Learned a level 3 spell: Tukima's Dance
  5375 | D:5      | Reached XP level 8. HP: 24/50 MP: 0/0
  5532 | D:5      | Noticed Eustachio
  5546 | D:5      | Killed Eustachio
  5547 | D:5      | Reached skill level 7 in Spellcasting
  5820 | D:5      | Identified the +10 trident of the Throat {vorpal, rC+
                  | Dex+6}
  6136 | D:5      | Noticed Sigmund
  6139 | D:5      | Killed Sigmund
  6301 | D:5      | Reached skill level 8 in Spellcasting
  6808 | D:5      | Reached XP level 9. HP: 51/55 MP: 0/0
  6808 | D:5      | Learned a level 3 spell: Ignite Poison
  6875 | D:6      | Noticed Maggie
  6881 | D:6      | Killed Maggie
  6882 | D:6      | Reached skill level 9 in Spellcasting
  8798 | D:6      | Got the Catalogue of the Arsonist and Beguiling
  8821 | D:7      | Found a staircase to the Ecumenical Temple.
  8840 | D:7      | Reached skill level 10 in Spellcasting
  8843 | Temple   | Entered the Ecumenical Temple
  8850 | Temple   | Became a worshipper of Makhleb the Destroyer
  9037 | D:7      | Reached XP level 10. HP: 37/60 MP: 0/0
  9098 | D:7      | Found a sand-covered staircase.
  9102 | Ossuary  | Entered an ossuary
  9318 | Ossuary  | Reached * piety under Makhleb
 10380 | D:8      | Reached skill level 11 in Spellcasting
 10459 | D:8      | Noticed a boulder beetle
 10561 | D:8      | Reached skill level 1 in Fighting
 10562 | D:8      | Noticed Psyche
 10570 | D:8      | Killed Psyche
 10614 | D:8      | Reached ** piety under Makhleb
 11000 | D:8      | Noticed Erica
 11012 | D:8      | Killed Erica
 11015 | D:8      | Shot with an arrow by a centaur

Illustrated notes

Levels and vault maps discovered:
D:1:      saegor_arrival_simple_a, layout_basic,
          shapermc_ecumenical_altar_mp_ritualfount,
          chequers_serial_rivers_small_3
D:2:      minmay_recursive_quarters, layout_basic
D:3:      layout_rooms, nicolae_gozag_zags_fifth_avenue, serial_undead,
          serial_undead_b, serial_undead_b, serial_undead_a, serial_undead_d,
          serial_undead_f, serial_undead_a
D:4:      layout_basic, gammafunk_ghost_nasty_kobolds,
          kennysheep_generic_room_10
D:5:      layout_basic, hangedman_abyss_or_decor_passed, uniq_sigmund,
          uniq_eustachio, uniq_pikel
D:6:      layout_loops_ring, corexii_item_surrounded_by_moat, uniq_maggie
D:7:      layout_rooms, minmay_temple_entry_statues_pillars,
          nicolae_ossuary_entry_false_entrances, mrwooster_statue_mirror
D:8:      layout_cave_pools, serial_gnoll_camp, grums_kennel,
          gnoll_camp_mini_hut, gnoll_camp_mini_house, gnoll_camp_mini_basic,
          onia_ninara_dug_in_and_dangerous, uniq_psyche, uniq_erica
Temple:   nicolae_temple_no_exploring_needed

Skill      XL: |  1  2  3  4  5  6  7  8  9 10 |
---------------+-------------------------------+-----
Spellcasting   | 3 4 6 8 10 11 | 11.4
Fighting       | 3 |  3.5
Dodging        | |  2.1
Stealth        | |  1.5

Action                   |  1- 3 |  4- 6 |  7- 9 | 10-12 || total
-------------------------+-------+-------+-------+-------++-------
Melee: War axe           |     1 |       |       |       ||     1
       Short sword       |     6 |       |       |       ||     6
       Spear             |       |     1 |       |       ||     1
       Trident           |       |       |    15 |    20 ||    35
 Cast: Foxfire           |    75 |   116 |    91 |   101 ||   383
       Scorch            |     3 |    17 |    43 |    10 ||    73
       Apportation       |     3 |       |     1 |     1 ||     5
       Passwall          |       |     1 |     1 |       ||     2
       Flame Wave        |       |       |     4 |     5 ||     9
       Tukima's Dance    |       |       |     3 |     6 ||     9
Evoke: Wand              |       |       |     1 |       ||     1
  Use: Scroll            |     1 |     5 |     8 |       ||    14
 Stab: Sleeping          |       |       |       |     1 ||     1
Armor: Robe              |       |     3 |     4 |       ||     7
       Acid dragon scale |       |       |     8 |    11 ||    19
Dodge: Dodged            |     3 |    15 |    19 |    14 ||    51

Table legend: (Time is in decaauts)
 A = Elapsed time spent in this place.
 B = Non-inter-level travel time spent in this place.
 C = Inter-level travel time spent in this place.
 D = Time resting spent in this place.
 E = Time spent auto-exploring this place.
 F = Levels seen in this place.
 G = Mean time per level.
                   A        B        C        D        E       F      G
               +--------+--------+--------+--------+--------+-----+--------+
         Total |  11026 |  10114 |    912 |   4559 |   3362 |  10 | 1102.6 |
       Dungeon |  10239 |   9333 |    906 |   4060 |   3334 |   8 | 1279.9 |
        Temple |    167 |    161 |      6 |    153 |      0 |   1 |  167.0 |
       Ossuary |    619 |    619 |      0 |    346 |     28 |   1 |  619.0 |
               +--------+--------+--------+--------+--------+-----+--------+

Top non-repeatable levels by time:
     D:6: 1942 daAuts
     D:1: 1642 daAuts
     D:2: 1456 daAuts
     D:4: 1447 daAuts
     D:5: 1387 daAuts
     D:3: 940 daAuts
     D:8: 801 daAuts
     D:7: 620 daAuts
 Ossuary: 619 daAuts
  Temple: 167 daAuts
